 Dungeon Crawl Stone Soup version 0.24.0-125-gc4c63601f3 (webtiles) character file.

Game seed: 7985429726711942366, levelgen mode: deterministic

74 sanka the Chopper (level 4, -2/41 HPs)
             Began as a Gnoll Chaos Knight on Feb 21, 2020.
             Was a Plaything of Xom.
             Slain by Grinder (6 damage)
             ... on level 3 of the Dungeon.
             The game lasted 00:05:07 (1797 turns).

sanka the Chopper (Gnoll Chaos Knight)              Turns: 1797, Time: 00:05:09

Health: -2/41      AC:  8    Str: 18    XL:     4   Next: 30%
Magic:  5/5        EV: 13    Int: 14    God:    Xom [..*...]
Gold:   122        SH:  0    Dex: 14    Spells: 5/5 levels left

rFire    . . .     SeeInvis +   a - +0 battleaxe
rCold    . . .     Gourm    .   (shield currently unavailable)
rNeg     . . .     Faith    .   b - +2 leather armour
rPois    .         Spirit   .   (helmet restricted)
rElec    .         Reflect  .   (no cloak)
rCorr    +         Harm     .   w - +0 pair of gloves
MR       .....                  (no boots)
Stlth    +.........             (no amulet)
HPRegen  0.13/turn              d - ring of see invisible
MPRegen  0.09/turn              r - ring of resist corrosion

@: confused, cleaving
A: distributed training, fangs 1, horns 1, icy blue scales 1, strong 1, strong
nose
a: Renounce Religion


You were on level 3 of the Dungeon.
You worshipped Xom.
You were a toy of Xom.
You were not hungry.

You visited 1 branch of the dungeon, and saw 3 of its levels.

You collected 122 gold pieces.


Innate Abilities, Weirdness & Mutations

Your experience applies equally to all skills.
You have very sharp teeth.
Your uncanny sense of smell can sniff out nearby items.
You have a pair of small horns on your head.
You are partially covered in icy blue scales. (AC +2)
Your muscles are strong. (Str +2)


   Skills:
 + Level 6.6 Fighting
 + Level 1.0 Short Blades
 + Level 1.0 Long Blades
 + Level 6.6 Axes
 + Level 1.0 Maces & Flails
 + Level 1.0 Polearms
 + Level 1.0 Staves
 + Level 1.0 Slings
 + Level 1.0 Bows
 + Level 1.0 Crossbows
 + Level 1.0 Throwing
 + Level 4.6 Armour
 + Level 2.7 Dodging
 + Level 1.0 Stealth
 + Level 1.0 Shields
 + Level 1.0 Unarmed Combat
 + Level 1.0 Spellcasting
 + Level 0.8 Conjurations
 + Level 0.8 Hexes
 + Level 0.8 Charms
 + Level 0.8 Summonings
 + Level 0.8 Necromancy
 + Level 0.8 Translocations
 + Level 0.8 Transmutations
 + Level 0.8 Fire Magic
 + Level 0.8 Ice Magic
 + Level 0.8 Air Magic
 + Level 0.8 Earth Magic
 + Level 0.8 Poison Magic
 + Level 1.1 Invocations
 + Level 1.0 Evocations


You had 5 spell levels left.
You didn't know any spells.
Your spell library was empty.

Inventory:

Hand Weapons
 a - a +0 battleaxe (weapon)
 j - a +0 hand axe of chaos
Missiles
 g - 55 stones (quivered)
 o - 22 poisoned darts
 s - 37 sling bullets
 u - 6 curare-tipped darts {=f}
Armour
 b - a +2 leather armour (worn)
 m - a +0 chain mail
 w - a +0 pair of gloves (worn)
Jewellery
 d - a ring of see invisible (left hand)
 h - an uncursed ring of flight
 r - a ring of resist corrosion (right hand)
Scrolls
 f - 2 scrolls of identify {unknown}
 k - a scroll of amnesia {unknown}
 n - a scroll of magic mapping {unknown}
 p - a scroll of remove curse {unknown}
 q - a scroll of noise {unknown}
 v - 3 scrolls of teleportation {unknown}
Potions
 i - a potion of magic {unknown}
 l - a potion of agility {unknown}
Comestibles
 c - 3 rations
 t - 8 chunks of flesh

Dungeon Overview and Level Annotations

Branches:
Dungeon (3/15)

Altars:
Fedhas
Kikubaaqudgha
Wu Jian

Annotations:
D:3 Grinder

∆ ▒...▒▒▒▒.........
▒.....÷.........▒
▒▒▒▒▒▒▒▒▒▒▒▒..▒▒▒▒▒
▒▒▒..........).......
▒▒▒▒▒...▒▒▒▒▒▒▒▒▒▒.......
........▒▒▒▒▒▒▒▒ ▒...▒▒.▒
...............▒▒▒..... .
.▒▒▒▒▒▒▒5..........▒.▒▒.▒
▒g...[......... . ▒ ▒.
▒........▒▒▒▒.▒▒ ▒.▒.
▒........▒
▒▒.▒.▒▒▒▒▒▒▒........▒
▒..........▒<.......▒
▒∆▒..........▒▒▒▒▒▒.▒.▒
▒.▒..........▒▒▒ ▒.▒.▒
...............▒ ▒.▒.▒
▒..........▒.▒ ▒.▒.▒


You could see Grinder.


Message History

You suddenly lose the ability to move!
Xom smiles on you.
Your +0 battleaxe looks sharp (like it always does).
You are now a toy of Xom.
Grinder hits you.
You writhe in agony.
* * * LOW HITPOINT WARNING * * *
Grinder hits you but does no damage. Grinder hits you.
* * * LOW HITPOINT WARNING * * *
You writhe in agony.
* * * LOW HITPOINT WARNING * * *
Grinder hits you but does no damage.
You can move again.
It was a potion of ambrosia.
You are confused.
You feel invigorated.
Xom thinks this is hilarious!
Grinder hits you.
* * * LOW HITPOINT WARNING * * *
You writhe in agony.
* * * LOW HITPOINT WARNING * * *
You hit Grinder. Your headbutt misses Grinder.
Grinder is lightly wounded.
Grinder hits you!
* * * LOW HITPOINT WARNING * * *
You writhe in agony.
You die...
Xom roars with laughter!

Action                   |  1- 3 |  4- 6 || total
-------------------------+-------+-------++-------
Melee: Hand axe          |    95 |       ||    95
       Bite              |     6 |       ||     6
       Battleaxe         |    16 |     7 ||    23
  Use: Potion            |       |     1 ||     1
 Stab: Sleeping          |     3 |       ||     3
  Eat: Chunk             |     2 |     1 ||     3
Armor: Leather armour    |    27 |     2 ||    29
Dodge: Dodged            |    58 |     3 ||    61

Levels and vault maps discovered:
D:1:      dpeg_arrival_water_fire, layout_basic, kennysheep_another_room,
          st_stairs_10, nrook_mini_backslash
D:2:      layout_rooms, kiku_gazebo_garden_becter, lemuel_doored_altar,
          fedhas_altar_4
D:3:      layout_basic, chequers_ecumenical_altar_island, minmay_puff,
          uniq_grinder

Notes
Turn   | Place    | Note
-------+----------+-------------------------------------------
     0 | D:1      | sanka the Gnoll Chaos Knight began the quest for the Orb.
     0 | D:1      | Reached XP level 1. HP: 23/23 MP: 1/1
   128 | D:1      | XOM: divination: magic mapping
   272 | D:2      | XOM: confuse monster(s)
   273 | D:2      | Reached XP level 2. HP: 27/29 MP: 2/2
   521 | D:2      | XOM: snakes to sticks
   538 | D:2      | Found a blossoming altar of Fedhas.
   559 | D:1      | Reached XP level 3. HP: 35/35 MP: 3/3
   751 | D:1      | XOM: chaos upgrade
   760 | D:1      | XOM: divination: detect creatures
   769 | D:1      | Reached skill level 1 in Invocations
  1024 | D:1      | XOM: god gift: 8 gold pieces
  1236 | D:2      | Found an ornate altar of the Wu Jian Council.
  1290 | D:2      | XOM: god gift: battleaxe {god gift}
  1373 | D:2      | Found an ancient bone altar of Kikubaaqudgha.
  1378 | D:2      | Reached skill level 1 in Short Blades
  1378 | D:2      | Reached skill level 1 in Long Blades
  1378 | D:2      | Reached skill level 1 in Maces & Flails
  1378 | D:2      | Reached skill level 1 in Polearms
  1378 | D:2      | Reached skill level 1 in Staves
  1378 | D:2      | Reached skill level 1 in Slings
  1378 | D:2      | Reached skill level 1 in Bows
  1378 | D:2      | Reached skill level 1 in Crossbows
  1378 | D:2      | Reached skill level 1 in Throwing
  1378 | D:2      | Reached skill level 1 in Stealth
  1378 | D:2      | Reached skill level 1 in Shields
  1378 | D:2      | Reached skill level 1 in Unarmed Combat
  1378 | D:2      | Reached skill level 1 in Spellcasting
  1378 | D:2      | Reached skill level 1 in Evocations
  1521 | D:2      | Reached XP level 4. HP: 38/41 MP: 5/5
  1617 | D:2      | XOM: give mutations
  1617 | D:2      | Gained mutation: Your muscles are strong. (Str +2) [Xom's
                  | grace]
  1617 | D:2      | Gained mutation: You have a pair of small horns on your
                  | head. [Xom's grace]
  1617 | D:2      | Gained mutation: You are partially covered in icy blue
                  | scales. (AC +2) [Xom's grace]
  1762 | D:3      | Noticed Grinder
  1780 | D:3      | XOM: god gift: 36 gold pieces
  1790 | D:3      | Paralysed by Grinder for 6 turns
  1791 | D:3      | XOM: cleaving
  1797 | D:3      | HP: 4/41 [Grinder (7)]
  1797 | D:3      | Slain by Grinder

Vanquished Creatures
  2 adders
  A worm (D:2)
  3 dart slugs
  3 leopard geckos
  3 bats
  4 giant cockroaches
  8 goblins
  4 hobgoblins
  5 kobolds
  4 frilled lizards (D:2)
  4 rats (D:1)
  A fungus (D:1)
42 creatures vanquished.

Vanquished Creatures (others)
  A dart slug (D:2)
1 creature vanquished.

Grand Total: 43 creatures vanquished
